General information
- name: BNet
- type: Ladder team game (AT/RT)
- host: Battle.net
- saver: YouAreObsolete
map: Slalom
- players: 8
- length: 40:22
- speed: Fast
- version: 1.26 W3XP
- replay type: Public
» download(236 KB)
Players
team 1 (loser)

»
Carneypie (
purple | 54 APM | 1194 actions | 22:04)
4 Archmage
2 Blizzard
2 Brilliance Aura
4 Blood Mage
2 Flame Strike
1 Siphon Mana
1 Banish
» actions
| Basic commands | 13 | |
| Build / train | 78 | |
| Enter build submenu | 25 | |
| Enter hero's abilities submenu | 10 | |
| Remove unit from queue | 8 | |
| Right click | 543 | |
| Select / deselect | 443 | |
| Use ability | 74 | |
1194 total
» units
| Peasant | 12 | |
| Spell Breaker | 9 | |
| Priest | 5 | |
| Sorceress | 9 | |
| Frost Wyrm | 1 | |
| Crypt Fiend | 5 | |
41 total
» upgrades
| Masonry | 1 | |
| Priest Training | 2 | |
| Sorceress Training | 2 | |
| Control Magic | 1 | |
| Creature Attack | 1 | |
| Creature Carapace | 1 | |
8 total
» buildings
| Altar of Kings | 1 | |
| Farm | 11 | |
| Scout Tower | 3 | |
| Arcane Vault | 1 | |
| Lumber Mill | 1 | |
| Arcane Tower | 1 | |
| Keep | 1 | |
| Guard Tower | 2 | |
| Arcane Sanctum | 2 | |
| Castle | 1 | |
| Ziggurat | 2 | |
26 total
» build order
00:07 Altar of Kings
00:25 Farm
01:29 Farm
01:31 Scout Tower
01:38 Arcane Vault
01:57 Lumber Mill
02:07 Arcane Tower
02:19 Farm
02:59 Keep
03:04 Scout Tower
03:06 Scout Tower
03:09 Farm
03:10 Farm
04:30 Guard Tower
04:31 Guard Tower
05:24 Arcane Sanctum
05:28 Arcane Sanctum
05:33 Castle
05:36 Farm
06:48 Farm
07:37 Farm
09:21 Farm
11:29 Farm
14:22 Farm
19:04 Ziggurat
19:05 Ziggurat
» items
| Scroll of Regeneration | 4 | |
| Scroll of Town Portal | 2 | |
6 total

»
aLLowism (
orange | 41 APM | 936 actions | 22:55)
5 Tauren Chieftain
3 Endurance Aura
1 War Stomp
1 Shockwave
3 Shadow Hunter
2 Healing Wave
1 Hex
» actions
| Assign group hotkey | 32 | |
| Build / train | 79 | |
| Enter build submenu | 21 | |
| Enter hero's abilities submenu | 8 | |
| Remove unit from queue | 1 | |
| Right click | 293 | |
| Select / deselect | 238 | |
| Select group hotkey | 221 | |
| Use ability | 43 | |
936 total
» units
| Peon | 23 | |
| Grunt | 8 | |
| Troll Witch Doctor | 9 | |
| Tauren | 7 | |
| Shaman | 5 | |
52 total
» upgrades
| Armor | 3 | |
| Melee Weapons | 3 | |
| Berserker Strength | 1 | |
| Witch Doctor Training | 2 | |
| Pulverize | 1 | |
| Shaman Training | 2 | |
| Spiked Barricades | 1 | |
| Reinforced Defenses | 1 | |
14 total
» buildings
| Orc Burrow | 8 | |
| Altar of Storms | 1 | |
| Barracks | 1 | |
| War Mill | 1 | |
| Stronghold | 1 | |
| Great Hall | 1 | |
| Fortress | 1 | |
| Spirit Lodge | 1 | |
| Tauren Totem | 2 | |
| Watch Tower | 3 | |
20 total
» build order
00:30 Orc Burrow
00:55 Altar of Storms
01:19 Barracks
01:29 Orc Burrow
01:53 War Mill
02:40 Orc Burrow
03:08 Stronghold
04:53 Orc Burrow
06:30 Great Hall
06:40 Fortress
07:09 Spirit Lodge
09:28 Tauren Totem
09:35 Tauren Totem
10:39 Watch Tower
11:11 Orc Burrow
12:07 Watch Tower
12:12 Orc Burrow
13:17 Orc Burrow
13:21 Watch Tower
18:56 Orc Burrow
peckertracks (
blue | 27 APM | 27 actions | 00:59)
» actions
| Build / train | 3 | |
| Enter build submenu | 3 | |
| Right click | 10 | |
| Select / deselect | 8 | |
| Use ability | 3 | |
27 total
» units
» buildings
| Ziggurat | 1 | |
| Altar of Darkness | 1 | |
| Crypt | 1 | |
3 total
» build order
00:11 Ziggurat
00:16 Altar of Darkness
00:40 Crypt
DOGS.WALKER. (
yellow | 66 APM | 2677 actions | 40:21)
9 Archmage
3 Summon Water Elemental
3 Brilliance Aura
1 Mass Teleport
2 Blizzard
1 Death Knight
1 Death Coil
2 Tauren Chieftain
1 Reincarnation
1 War Stomp
3 Shadow Hunter
1 Hex
1 Healing Wave
1 Big Bad Voodoo
» actions
| Assign group hotkey | 62 | |
| Basic commands | 2 | |
| Build / train | 125 | |
| Enter build submenu | 36 | |
| Enter hero's abilities submenu | 15 | |
| Give item / drop item | 1 | |
| Right click | 976 | |
| Select / deselect | 423 | |
| Select group hotkey | 865 | |
| Use ability | 172 | |
2677 total
» units
| Peasant | 21 | |
| Footman | 4 | |
| Ghoul | 2 | |
| Crypt Fiend | 12 | |
| Gryphon Rider | 12 | |
| Tauren | 3 | |
54 total
» upgrades
| Masonry | 3 | |
| Web | 1 | |
| Burrow | 1 | |
| Lumber Harvesting | 2 | |
| Swords | 3 | |
| Armor | 3 | |
| Animal War Training | 1 | |
| Storm Hammers | 1 | |
| Cloud | 1 | |
| Magic Sentry | 1 | |
| Sorceress Training | 2 | |
| Priest Training | 2 | |
21 total
» buildings
| Altar of Kings | 1 | |
| Barracks | 1 | |
| Farm | 10 | |
| Graveyard | 2 | |
| Ziggurat | 5 | |
| Scout Tower | 22 | |
| Lumber Mill | 1 | |
| Arcane Tower | 1 | |
| Halls of the Dead | 2 | |
| Keep | 3 | |
| Crypt | 1 | |
| Arcane Vault | 1 | |
| Spirit Tower | 3 | |
| Town Hall | 3 | |
| Blacksmith | 1 | |
| Guard Tower | 9 | |
| Black Citadel | 2 | |
| Castle | 1 | |
| Gryphon Aviary | 8 | |
| Sacrificial Pit | 1 | |
| Boneyard | 2 | |
| Arcane Sanctum | 1 | |
81 total
» build order
00:12 Altar of Kings
00:21 Barracks
00:35 Farm
00:50 Farm
01:12 Graveyard
01:35 Farm
01:46 Ziggurat
01:49 Ziggurat
02:02 Scout Tower
02:12 Graveyard
02:30 Lumber Mill
02:32 Arcane Tower
03:19 Farm
03:39 Halls of the Dead
03:39 Halls of the Dead
05:04 Keep
05:04 Keep
05:22 Crypt
05:26 Ziggurat
05:26 Ziggurat
05:27 Ziggurat
05:53 Arcane Vault
06:31 Spirit Tower
06:44 Spirit Tower
06:49 Town Hall
06:53 Scout Tower
06:53 Scout Tower
06:54 Scout Tower
07:07 Blacksmith
07:17 Spirit Tower
07:51 Guard Tower
07:52 Guard Tower
08:21 Black Citadel
08:21 Black Citadel
08:46 Castle
08:52 Scout Tower
08:53 Scout Tower
09:22 Guard Tower
09:34 Gryphon Aviary
09:53 Gryphon Aviary
09:56 Gryphon Aviary
10:01 Farm
10:01 Farm
10:01 Farm
10:02 Farm
10:28 Guard Tower
11:00 Scout Tower
11:01 Scout Tower
11:29 Sacrificial Pit
11:52 Farm
11:52 Farm
12:18 Guard Tower
13:02 Boneyard
13:02 Boneyard
15:48 Town Hall
19:52 Arcane Sanctum
20:33 Scout Tower
20:34 Scout Tower
20:34 Scout Tower
20:34 Scout Tower
20:35 Scout Tower
20:36 Scout Tower
20:36 Scout Tower
20:37 Scout Tower
20:37 Scout Tower
20:37 Scout Tower
20:38 Scout Tower
20:38 Scout Tower
21:12 Guard Tower
21:12 Guard Tower
21:26 Guard Tower
22:18 Guard Tower
23:29 Town Hall
25:52 Scout Tower
25:52 Scout Tower
31:30 Gryphon Aviary
31:30 Gryphon Aviary
31:30 Gryphon Aviary
31:32 Gryphon Aviary
31:32 Gryphon Aviary
» items
| Potion of Healing | 1 | |
| Scroll of Regeneration | 1 | |
| Scroll of Town Portal | 3 | |
| Staff of Sanctuary | 1 | |
| Orb of Fire | 1 | |
7 total
team 2 (winner)
Bovril (
teal | 34 APM | 1386 actions | 40:21)
6 Priestess of the Moon
2 Searing Arrows
3 Trueshot Aura
1 Starfall
3 Naga Sea Witch
2 Frost Arrows
1 Forked Lightning
» actions
| Basic commands | 47 | |
| Build / train | 96 | |
| Enter build submenu | 32 | |
| Enter hero's abilities submenu | 9 | |
| Give item / drop item | 1 | |
| Remove unit from queue | 2 | |
| Right click | 725 | |
| Select / deselect | 425 | |
| Use ability | 49 | |
1386 total
» units
| Wisp | 40 | |
| Archer | 8 | |
| Chimaera | 7 | |
| Hippogryph | 13 | |
| Faerie Dragon | 4 | |
72 total
» upgrades
| Ultravision | 1 | |
| Strength of the Wild | 3 | |
| Reinforced Hides | 2 | |
| Nature's Blessing | 1 | |
| Corrosive Breath | 1 | |
8 total
» buildings
| Moon Well | 8 | |
| Altar of Elders | 1 | |
| Ancient of War | 1 | |
| Hunter's Hall | 1 | |
| Tree of Life | 2 | |
| Tree of Ages | 1 | |
| Ancient Protector | 4 | |
| Tree of Eternity | 1 | |
| Ancient of Wind | 6 | |
| Ancient of Wonders | 2 | |
| Chimaera Roost | 4 | |
31 total
» build order
00:21 Moon Well
01:03 Altar of Elders
01:13 Moon Well
01:18 Ancient of War
02:09 Moon Well
02:39 Hunter's Hall
04:52 Tree of Life
04:55 Tree of Ages
05:04 Ancient Protector
05:15 Ancient Protector
05:38 Ancient Protector
05:42 Ancient Protector
07:13 Moon Well
07:22 Tree of Eternity
07:50 Ancient of Wind
08:44 Moon Well
08:54 Ancient of Wonders
09:51 Chimaera Roost
09:53 Chimaera Roost
10:15 Chimaera Roost
10:18 Chimaera Roost
11:09 Ancient of Wind
11:15 Moon Well
12:22 Moon Well
13:19 Moon Well
13:48 Ancient of Wind
13:51 Ancient of Wind
14:05 Ancient of Wind
14:19 Ancient of Wind
16:12 Ancient of Wonders
22:24 Tree of Life
» items
mouth2mouth (
green | 52 APM | 1365 actions | 26:13)
5 Paladin
2 Holy Light
2 Devotion Aura
1 Divine Shield
» actions
| Assign group hotkey | 272 | |
| Basic commands | 225 | |
| Build / train | 59 | |
| Enter build submenu | 23 | |
| Enter hero's abilities submenu | 5 | |
| Right click | 341 | |
| Select / deselect | 248 | |
| Select group hotkey | 144 | |
| Use ability | 48 | |
1365 total
» units
| Peasant | 13 | |
| Rifleman | 9 | |
| Priest | 5 | |
| Knight | 8 | |
| Sorceress | 2 | |
37 total
» upgrades
| Gunpowder | 2 | |
| Swords | 3 | |
| Plating | 1 | |
| Lumber Harvesting | 2 | |
| Long Rifles | 1 | |
| Priest Training | 2 | |
| Sorceress Training | 1 | |
| Masonry | 1 | |
| Animal War Training | 1 | |
14 total
» buildings
| Altar of Kings | 1 | |
| Farm | 12 | |
| Barracks | 2 | |
| Blacksmith | 1 | |
| Lumber Mill | 1 | |
| Keep | 1 | |
| Castle | 1 | |
| Arcane Sanctum | 3 | |
| Town Hall | 2 | |
24 total
» build order
00:30 Altar of Kings
00:43 Farm
01:01 Barracks
01:24 Blacksmith
01:53 Barracks
02:09 Farm
02:25 Lumber Mill
02:46 Farm
02:50 Farm
05:31 Keep
05:35 Farm
05:39 Farm
06:33 Farm
07:17 Farm
08:55 Castle
09:22 Arcane Sanctum
09:48 Arcane Sanctum
11:15 Arcane Sanctum
11:41 Farm
11:49 Farm
12:29 Farm
12:40 Farm
13:19 Town Hall
24:52 Town Hall
DeadNegroINC (
red | 65 APM | 2611 actions | 40:21)
10 Archmage
3 Summon Water Elemental
3 Brilliance Aura
1 Mass Teleport
3 Blizzard
» actions
| Assign group hotkey | 253 | |
| Basic commands | 266 | |
| Build / train | 63 | |
| Enter build submenu | 63 | |
| Enter hero's abilities submenu | 10 | |
| Give item / drop item | 2 | |
| Remove unit from queue | 4 | |
| Right click | 1310 | |
| Select / deselect | 376 | |
| Select group hotkey | 136 | |
| Use ability | 128 | |
2611 total
» units
| Peasant | 20 | |
| Footman | 4 | |
| Gryphon Rider | 1 | |
25 total
» upgrades
| Lumber Harvesting | 2 | |
| Masonry | 3 | |
| Storm Hammers | 1 | |
| Swords | 3 | |
| Armor | 3 | |
| Animal War Training | 1 | |
| Magic Sentry | 1 | |
14 total
» buildings
| Altar of Kings | 1 | |
| Barracks | 1 | |
| Farm | 10 | |
| Keep | 1 | |
| Town Hall | 2 | |
| Scout Tower | 39 | |
| Lumber Mill | 3 | |
| Guard Tower | 4 | |
| Castle | 1 | |
| Gryphon Aviary | 8 | |
| Blacksmith | 2 | |
| Arcane Vault | 2 | |
| Arcane Sanctum | 1 | |
75 total
» build order
00:59 Altar of Kings
01:02 Barracks
01:04 Farm
01:06 Farm
01:07 Farm
01:47 Farm
04:22 Keep
04:30 Town Hall
04:45 Scout Tower
04:48 Scout Tower
04:50 Scout Tower
04:54 Scout Tower
05:02 Scout Tower
05:04 Scout Tower
05:08 Scout Tower
05:19 Scout Tower
05:25 Scout Tower
05:35 Lumber Mill
07:49 Town Hall
07:51 Guard Tower
08:38 Scout Tower
08:39 Scout Tower
08:40 Scout Tower
08:41 Scout Tower
08:44 Scout Tower
08:45 Scout Tower
08:46 Scout Tower
08:47 Scout Tower
08:52 Scout Tower
08:54 Scout Tower
08:55 Scout Tower
08:56 Scout Tower
08:58 Scout Tower
08:59 Scout Tower
09:07 Scout Tower
09:08 Scout Tower
10:23 Castle
10:33 Guard Tower
11:02 Guard Tower
12:46 Gryphon Aviary
12:46 Gryphon Aviary
12:48 Gryphon Aviary
12:49 Gryphon Aviary
12:56 Gryphon Aviary
12:59 Gryphon Aviary
13:15 Guard Tower
13:27 Lumber Mill
15:22 Scout Tower
15:22 Scout Tower
15:23 Scout Tower
15:23 Scout Tower
15:24 Scout Tower
15:25 Scout Tower
15:25 Scout Tower
15:25 Scout Tower
15:37 Blacksmith
15:38 Blacksmith
15:44 Gryphon Aviary
15:49 Gryphon Aviary
16:00 Arcane Vault
16:14 Arcane Vault
16:16 Arcane Sanctum
16:43 Guard Tower
17:10 Guard Tower
18:37 Scout Tower
18:38 Scout Tower
18:39 Scout Tower
18:39 Scout Tower
18:40 Scout Tower
22:25 Guard Tower
23:25 Farm
23:36 Farm
23:37 Farm
23:37 Farm
23:38 Farm
23:38 Farm
23:46 Lumber Mill
» items
| Boots of Speed | 1 | |
| Periapt of Vitality | 1 | |
| Staff of Teleportation | 1 | |
3 total
YouAreObsolete (
pink | 77 APM | 3114 actions | 40:22)
10 Archmage
3 Blizzard
3 Brilliance Aura
1 Mass Teleport
3 Summon Water Elemental
» actions
| Assign group hotkey | 35 | |
| Basic commands | 181 | |
| Build / train | 119 | |
| ESC pressed | 1 | |
| Enter build submenu | 34 | |
| Enter hero's abilities submenu | 10 | |
| Give item / drop item | 4 | |
| Remove unit from queue | 1 | |
| Right click | 1514 | |
| Select / deselect | 584 | |
| Select group hotkey | 512 | |
| Use ability | 119 | |
3114 total
» units
| Peasant | 19 | |
| Footman | 6 | |
| Gryphon Rider | 5 | |
| Dragonhawk Rider | 31 | |
61 total
» upgrades
| Lumber Harvesting | 1 | |
| Animal War Training | 1 | |
| Masonry | 3 | |
| Swords | 3 | |
| Storm Hammers | 1 | |
| Cloud | 1 | |
| Armor | 4 | |
| Backpack | 1 | |
| Defend | 1 | |
| Magic Sentry | 1 | |
17 total
» buildings
| Altar of Kings | 1 | |
| Farm | 11 | |
| Barracks | 1 | |
| Lumber Mill | 1 | |
| Arcane Vault | 1 | |
| Keep | 2 | |
| Castle | 2 | |
| Blacksmith | 1 | |
| Town Hall | 2 | |
| Gryphon Aviary | 5 | |
| Scout Tower | 5 | |
| Guard Tower | 2 | |
| Arcane Tower | 1 | |
35 total
» build order
00:07 Altar of Kings
00:09 Farm
00:49 Barracks
01:11 Farm
01:35 Lumber Mill
01:49 Farm
02:05 Arcane Vault
03:18 Keep
03:38 Farm
06:22 Castle
06:23 Blacksmith
06:51 Town Hall
07:13 Gryphon Aviary
09:11 Scout Tower
09:12 Scout Tower
09:51 Gryphon Aviary
09:53 Gryphon Aviary
11:18 Guard Tower
11:18 Guard Tower
13:05 Farm
18:22 Gryphon Aviary
18:25 Gryphon Aviary
19:58 Farm
20:01 Farm
21:56 Farm
25:16 Scout Tower
25:49 Arcane Tower
26:13 Town Hall
27:55 Farm
27:59 Farm
29:24 Keep
31:06 Scout Tower
31:07 Scout Tower
32:25 Farm
33:35 Castle
» items
| Scroll of Regeneration | 13 | |
| Potion of Healing | 4 | |
| Boots of Speed | 1 | |
| Periapt of Vitality | 1 | |
| Scroll of Town Portal | 2 | |
| Scroll of Healing | 1 | |
22 total
Chat log
(00:11 / Allies) mouth2mouth: hi whores
(00:15 / Allies) YouAreObsolete: sup sluts
(00:37 / Allies) mouth2mouth: gunners
(00:41 / Allies) YouAreObsolete: wtf is a gunner
(00:46 / Allies) YouAreObsolete: riflemen?
(00:51 / Allies) mouth2mouth: si
(00:55 / Allies) DeadNegroINC: Private Mouth are you mentally handicapped?
(00:56 / Allies) YouAreObsolete: english motherfuck
(00:58 / Allies) YouAreObsolete: do you speak it?
(01:07 / Allies) mouth2mouth: hablo little
(01:31 / All) DeadNegroINC: WATCH OUT FOR RUSH THEY A MAN DOWN
(01:39 / All) YouAreObsolete: this is rush map
(01:46 / Allies) mouth2mouth: this is absolutely a rush map
(02:01 / All) mouth2mouth: ill get arch to blizzard their pEoONS
(02:06 / All) DeadNegroINC: WATCH OUT FOR RUSH GUZ
(03:20 / Allies) mouth2mouth: dont die pink
(03:29 / Allies) mouth2mouth: nice
(03:45 / Allies) mouth2mouth: teal
(03:46 / Allies) mouth2mouth: ?
(05:48 / Allies) YouAreObsolete: Do I need dispel for this nigger?
(05:48 / Allies) mouth2mouth: teal come
(05:58 / Allies) DeadNegroINC: luzl
(06:00 / Allies) DeadNegroINC: come
(06:16 / Allies) mouth2mouth: ty
(06:19 / Allies) YouAreObsolete: Thanks turncat
(06:27 / Allies) DeadNegroINC: no prob mang
(06:33 / Allies) YouAreObsolete: nigger spider summoned 12 skeletons
(06:48 / Allies) DeadNegroINC: you have to take out the two spinners then main creep
(06:52 / Allies) DeadNegroINC: first
(07:07 / Allies) YouAreObsolete: I generally do but I wasn't paying attention
(08:12 / Allies) mouth2mouth: what units shd i get
(08:16 / Allies) mouth2mouth: any1 getting priest
(08:16 / Allies) YouAreObsolete: melee
(09:41 / Allies) DeadNegroINC: mor elees
(09:48 / Allies) YouAreObsolete: I went blizzard for late game
(09:52 / Allies) DeadNegroINC: oh
(10:15 / Allies) mouth2mouth: teal come
(11:06 / All) YouAreObsolete: wtf are you doign with your fiends
(11:15 / All) Carneypie: fuck this
(11:23 / All) mouth2mouth: ?
(11:35 / Allies) mouth2mouth: lumber plz?
(14:23 / Allies) mouth2mouth: we shud hit
(14:48 / Allies) mouth2mouth: MEET
(15:05 / Allies) DeadNegroINC: why wouldn't you fight by yours towaers son
(15:12 / Allies) mouth2mouth: out
(15:12 / Allies) mouth2mouth: OUT
(15:14 / Allies) DeadNegroINC: now you fight?
(15:27 / Allies) mouth2mouth: red do u ahve units
(16:23 / Allies) DeadNegroINC: I need lumber son
(17:23 / Allies) DeadNegroINC: Lumber son
(17:24 / Allies) mouth2mouth: ARCHMAGE
(18:02 / Allies) mouth2mouth: HEAL ME
(18:36 / Allies) mouth2mouth: red do u get units or no
(18:41 / Allies) mouth2mouth: can i have gol please red?
(18:49 / Allies) DeadNegroINC: I need wood first son
(18:56 / Allies) DeadNegroINC: I ain't running a lumbermill
(19:43 / Allies) mouth2mouth: GET CHIMS ON THEIR EXPO TEAL
(19:44 / Allies) mouth2mouth: HIT AND RUN
(20:23 / Allies) Bovril: need 100g
(20:29 / Allies) DeadNegroINC: lets rape him for exp pink
(20:50 / Allies) DeadNegroINC: level 6 here I come!
(21:04 / Allies) DeadNegroINC: staqy
(21:07 / Allies) DeadNegroINC: help me gt level 6
(21:36 / Allies) DeadNegroINC: aight
(22:54 / Allies) mouth2mouth: money please
(22:58 / Allies) YouAreObsolete: I only have 9k sir
(23:08 / Allies) mouth2mouth: u guys suck
(23:16 / Allies) YouAreObsolete: Why
(23:44 / Allies) mouth2mouth: coming
(24:23 / Allies) Bovril: lrean to mass tp noob
(24:33 / Allies) YouAreObsolete: I did that "noob"
(24:35 / Allies) Bovril: so much gold for retards
(24:40 / Allies) mouth2mouth: lol
(24:41 / Allies) mouth2mouth: right
(24:49 / Allies) YouAreObsolete: I did to that knight son
(24:53 / Allies) YouAreObsolete: that's why it's jerking off
(25:04 / Allies) mouth2mouth: can i ahve gold
(25:07 / Allies) YouAreObsolete: No
(25:17 / Allies) DeadNegroINC: thanks you make this easy
(25:29 / Allies) DeadNegroINC: ez pickins
(25:44 / Allies) YouAreObsolete: You two clowns suck, we shall kill you and take our rightful homeland back
(26:00 / All) mouth2mouth: gg guys
(26:50 / Allies) YouAreObsolete: Leave faggot you got raped
(26:57 / All) Bovril: red such a big noob
(27:06 / All) DOGS.WALKER.: i raped u teal swhut up
(27:14 / All) YouAreObsolete: How mad you are that he had 12k gold and you had barely any?
(27:47 / All) DOGS.WALKER.: u guys suck i raped u 1v4
(28:25 / All) YouAreObsolete: Leave teal, you lost
(28:42 / Allies) YouAreObsolete: I see your mass tp on my expo peasant
(28:42 / Allies) DeadNegroINC: lol
(31:03 / Allies) DeadNegroINC: Rod he says I should kill you
(31:10 / Allies) YouAreObsolete: What do you say?
(31:18 / Allies) DeadNegroINC: I say I will kill your buildings
(31:32 / Allies) YouAreObsolete: Why is he angry?
(31:38 / Allies) DeadNegroINC: dunno lozl
(32:09 / Allies) DeadNegroINC: Kill your buildings before he can even mount an attack lozl
(32:19 / Allies) YouAreObsolete: I have dhawks, I'll wait for his attack for some nice xp
(35:22 / All) DeadNegroINC: This game must end
(36:05 / Allies) YouAreObsolete: God damn
(36:09 / Allies) YouAreObsolete: Why do you two always stab me every game
(36:15 / Allies) DeadNegroINC: I'm not stabbing you
(36:20 / Allies) YouAreObsolete: Well, kill
(36:24 / Allies) YouAreObsolete: Happens all the time
(36:24 / Allies) DeadNegroINC: I'm killing your buildings so teal loses and we can play new game
(36:31 / Allies) YouAreObsolete: We could both just leave
(36:40 / Allies) DeadNegroINC: that wouldn't work
(36:41 / Allies) DeadNegroINC: teal is still here
(37:00 / Allies) YouAreObsolete: Could be a standoff if somebody was on their team
(37:06 / Allies) DeadNegroINC: They all left tho
(37:12 / Allies) YouAreObsolete: Unfortunately
(37:18 / Allies) DeadNegroINC: here kill him then we kill you
(37:29 / Allies) YouAreObsolete: it doesn't really matter lol
(37:32 / Allies) YouAreObsolete: Just teal must lose
(39:22 / Allies) DeadNegroINC: two simultaenous blizzards lwawl
(39:31 / Allies) YouAreObsolete: Level 3 blizzard is almost as good as level 3 flame strike
(39:38 / Allies) DeadNegroINC: It's better since
(39:41 / Allies) DeadNegroINC: you can use it mroe
(39:49 / Allies) DeadNegroINC: and flamestriek takes a long time to set up
(39:52 / Allies) DeadNegroINC: whereas blizzard is instant
(40:02 / Allies) YouAreObsolete: Level 3 flamestrike kills buildings easier though
(40:08 / Allies) YouAreObsolete: Plus it rapes workers quicker
(40:14 / Allies) YouAreObsolete: Blizzard takes more time
(40:16 / Allies) DeadNegroINC: Yeah if you invis it's better
(40:18 / Allies) YouAreObsolete: so not as good for harass